 Dungeon Crawl Stone Soup version 0.31-a0-237-g2d982f9f85 (webtiles) character file.

Game seed: 1012720508053969543

233 qw the Shooter (level 6, -2/36 HPs)
             Began as a Gargoyle Hexslinger on July 11, 2023.
             Killed by nerve-wracking pain
             ... invoked by Grinder
              (3 damage)
             ... on level 3 of the Dungeon.
             The game lasted 00:00:39 (2321 turns).

qw the Shooter (Gargoyle Hexslinger)                Turns: 2321, Time: 00:00:40

Health: -2/36      AC:  9    Str: 17    XL:     6   Next: 4%
Magic:  7/7        EV: 11    Int: 14    God:
Gold:   155        SH:  0    Dex: 14    Spells: 6/7 levels left

rFire   . . .        Y - +1 sling
rCold   . . .        (no shield)
rNeg    + . .        f - +0 ring mail
rPois   inf          (no helmet)
rElec   +            (no cloak)
rCorr   .            (no gloves)
SInv    .            (no boots)
Will    .....        (no amulet)
Stlth   +            d - +6 ring of strength
HPRegen 0.26/turn    (no ring)
MPRegen 0.10/turn

%: no passive effects
@: no status effects
A: sickness immunity, AC +4, negative energy resistance 1, electricity
resistance, torment resistance 1, petrification resistance
a: no special abilities


You were on level 3 of the Dungeon.
You visited 1 branch of the dungeon, and saw 3 of its levels.

You collected 155 gold pieces.


Innate Abilities, Weirdness & Mutations

You are immune to sickness and miasma.
Your stone body is resilient. (AC +4)
You are immune to poison.
You resist negative energy. (rN+)
You are resistant to electric shocks. (rElec)
You are resistant to unholy torment.
You are immune to petrification.


   Skills:
 + Level 2.3 Fighting
 - Level 5.6 Ranged Weapons
 - Level 1.0 Armour
 - Level 1.5 Dodging
 - Level 1.0 Spellcasting
 - Level 2.6 Hexes


You had 6 spell levels left.
You knew the following spells:

 Your Spells              Type           Power      Damage    Failure   Level
a - Slow                  Hex            32%        N/A       16%         1

Your spell library contained the following spells:

 Spells                   Type           Power      Damage    Failure   Level
 Inner Flame              Hex/Fire       4%         N/A       63%         3
 Portal Projectile        Hex/Tloc       8%         N/A       63%         3
 Cause Fear               Hex            4%         N/A       85%         4

Inventory:

Hand Weapons
 Y - a +1 sling (weapon)
Armour
 f - a +0 ring mail (worn)
Jewellery
 d - a +6 ring of strength (left hand)
Potions
 a - a potion of might {unknown}

Dungeon Overview and Level Annotations

Branches:
Dungeon (3/15)

Altars:

Shops:
D:3 ?

Annotations:
D:3 Grinder


Message History

You shoot a sling bullet.
The sling bullet hits Grinder but does no damage.
The quokka closely misses you. Grinder misses you.
You shoot a sling bullet. The sling bullet barely misses Grinder.
The quokka bites you. Grinder hits you.
You writhe in agony.
The quokka bites you but does no damage.
Grinder gestures at you.
You suddenly lose the ability to move!
The quokka bites you but does no damage.
Grinder gestures at you. You resist with significant effort.
You can move again.
You shoot a sling bullet. The sling bullet hits Grinder.
Grinder is lightly wounded.
The quokka misses you. Grinder gestures at you. Pain shoots through your body!
You shoot a sling bullet.
The sling bullet hits Grinder but does no damage.
Grinder is lightly wounded.
The quokka bites you but does no damage.
Grinder completely misses you.
The quokka bites you but does no damage.
You shoot a sling bullet.
The sling bullet closely misses Grinder.
The quokka closely misses you. Grinder misses you.
You shoot a sling bullet. The sling bullet barely misses Grinder.
The quokka barely misses you. Grinder closely misses you.
The quokka closely misses you.
You shoot a sling bullet. The sling bullet hits Grinder!
Grinder is lightly wounded.
Grinder hits you!
You writhe in agony.
The quokka closely misses you. Grinder hits you!
You writhe in agony.
You shoot a sling bullet.
The sling bullet hits Grinder but does no damage.
Grinder is lightly wounded.
The quokka bites you but does no damage.
Grinder gestures at you. Pain shoots through your body!
You die...

#### #..## #...## ..
#.#..# #####....
#.##.#########.5..%...
###.##..........@#
......########..r#
......# ....#..#
......# ...#####.#
......###.# ...
......... .#.#
%........ .#.#
...~~~.... .. .
#.#~\~<##(


You could see Grinder and a quokka.

Vanquished Creatures
  Sigmund (D:2)
  An adder (D:2)
  3 worms
  4 dart slugs
  3 orcs (D:3)
  9 ball pythons
  3 endoplasms
  3 giant cockroaches
  A goblin (D:1)
  3 hobgoblins
  3 quokkas
  3 bats
  A frilled lizard (D:3)
  7 kobolds
  3 rats
48 creatures vanquished.

Notes
Turn   | Place    | Note
-------+----------+-------------------------------------------
     0 | D:1      | qw the Gargoyle Hexslinger began the quest for the Orb.
     0 | D:1      | Reached XP level 1. HP: 12/12 MP: 2/2
     0 | D:1      | 0 ||| qw: Version: 0.3-a-52-g30416fa
     0 | D:1      | 0 ||| qw: Game counter: 5804
     0 | D:1      | 0 ||| qw: Melee chars always use a shield: true
     0 | D:1      | 0 ||| qw: God list: Okawaru
     0 | D:1      | 0 ||| qw: Allow faded altars: false
     0 | D:1      | 0 ||| qw: Do Orc after clearing Dungeon:15 true
     0 | D:1      | 0 ||| qw: Do second Lair branch before Depths: true
     0 | D:1      | 0 ||| qw: Lair rune preference: random
     0 | D:1      | 0 ||| qw: Goals: Normal
     0 | D:1      | 0 ||| PLANNING D:1-11
   205 | D:1      | Reached XP level 2. HP: 16/16 MP: 3/3
   227 | D:1      | Reached skill level 3 in Ranged Weapons
   398 | D:1      | Reached XP level 3. HP: 21/21 MP: 4/4
   856 | D:1      | 856 ||| DROPPING scarf of harm.
   857 | D:1      | 857 ||| UPGRADING to +6 ring of strength.
   858 | D:1      | 858 ||| READING scroll labelled HOMPIDATANT.
   859 | D:1      | 859 ||| DROPPING scroll of poison.
  1125 | D:2      | Noticed Sigmund
  1141 | D:2      | Killed Sigmund
  1142 | D:2      | Reached skill level 5 in Ranged Weapons
  1142 | D:2      | Reached XP level 4. HP: 20/26 MP: 5/5
  1142 | D:2      | Reached XP level 5. HP: 23/30 MP: 6/6
  2142 | D:2      | 2142 ||| UPGRADING to +0 leather armour.
  2152 | D:2      | 2152 ||| DROPPING +0 robe.
  2153 | D:2      | 2153 ||| UPGRADING to +0 ring mail.
  2163 | D:2      | 2163 ||| DROPPING +0 leather armour.
  2164 | D:2      | 2164 ||| DROPPING amulet of magic regeneration.
  2165 | D:2      | 2165 ||| READING scroll labelled XIFURRUHEG.
  2166 | D:2      | 2166 ||| READING scroll labelled HEUMUA NOVYFIRCH.
  2192 | D:3      | Reached XP level 6. HP: 36/36 MP: 7/7
  2207 | D:3      | Reached skill level 1 in Armour
  2224 | D:3      | Found Luaho's Magic Scroll Shop.
  2306 | D:3      | Noticed Grinder
  2307 | D:3      | Paralysed by Grinder for 3 turns
  2314 | D:3      | Paralysed by Grinder for 2 turns
  2320 | D:3      | HP: 9/36 [Grinder (1)]
  2320 | D:3      | HP: 2/36 [Grinder (7)]
  2321 | D:3      | Killed from afar by Grinder

Levels and vault maps discovered:
D:1:      minmay_arrival_four_loops, layout_basic
D:2:      layout_basic, uniq_sigmund
D:3:      layout_rooms, lemuel_coloured_pillars_altar, serial_shops,
          nicolae_shop_tiny_waterfront, shapermc_ecumenical_altar_mp_vishouse,
          solitary_fountain, uniq_natasha, uniq_grinder, uniq_robin

Skill      XL: |  1  2  3  4  5  6 |
---------------+-------------------+-----
Ranged Weapons | 3 5 |  5.6
Fighting       | 2 |  2.3
Armour         | 1 |  1.0
Dodging        | |  1.5
Spellcasting   | |  1.0
Hexes          | |  2.6

Action                     |  1- 3 |  4- 6 || total
---------------------------+-------+-------++-------
   Fire: Sling             |    97 |    68 ||   165
    Use: Scroll            |     1 |     2 ||     3
 Armour: Robe              |    11 |     1 ||    12
         Ring mail         |       |    18 ||    18
  Dodge: Dodged            |    14 |    30 ||    44

Table legend:
 A = Non-vault XP
 B = Vault XP
 C = Vault XP percentage of total XP
 D = Non-vault monster count
 E = Vault monster count
 F = Vault count percentage of total count
                 A         B        C        D         E       F
            +---------+---------+-------+---------+---------+-------
      Total |     110 |     223 |  67.0 |      47 |       1 |   2.1
            +---------+---------+-------+---------+---------+-------
        D:1 |      38 |       0 |   0.0 |      21 |       0 |   0.0
        D:2 |      47 |     223 |  82.6 |      15 |       1 |   6.2
        D:3 |      25 |       0 |   0.0 |      11 |       0 |   0.0
            +---------+---------+-------+---------+---------+-------
